MLB
CINCINNATI REDS @ SAN DIEGO PADRES
06/03/2018
 
TOP OF THE 1ST
Cincinnati Reds batting - Pitching for San Diego Padres : RHP Tyler Mahle
Pitching: RHP Tyler Mahle
Batting: LHB Jarrod Dyson 0-0: Foul Ball, location: 2F
0-1: Hit by Pitch
Batting: RHB Trea Turner 0-0: Sac Bunt to 2L - play at first, batter OUT! 2-3
Jarrod Dyson to second
Batting: LHB Robinson Cano 0-0: Called Strike
0-1: Foul Ball, location: 2F
0-2: Foul Ball, location: 2F
0-2: Ball
Wild Pitch!
Jarrod Dyson to third
1-2: SINGLE (Line Drive, 89S)
Jarrod Dyson scores
Batting: RHB Edwin Encarnacion 0-0: Ball
1-0: Swinging Strike
1-1: Ball
2-1: Foul Ball, location: 2F
2-2: Strikes out swinging
Batting: LHB Joey Gallo 0-0: Ball
1-0: 2-RUN HOME RUN (Flyball, 9LD), Distance : 330 ft
Batting: LHB Scooter Gennett 0-0: Swinging Strike
0-1: Ground out U3 (Groundball, 3)
Top of the 1st over - 3 runs, 2 hits, 0 errors, 0 left on base; Cincinnati 3 - San Diego 0
BOTTOM OF THE 1ST
San Diego Padres batting - Pitching for Cincinnati Reds : LHP Daniel Norris
Pitching: LHP Daniel Norris
Batting: LHB David Peralta 0-0: Fly out, F7 (Flyball, 78S)
Batting: RHB Jose Altuve 0-0: Bunt for hit to 13 - play at first, batter safe!
Batting: RHB Mitch Haniger 0-0: Ball
1-0: Called Strike
1-1: Ball
2-1: Called Strike
2-2: 2-RUN HOME RUN (Flyball, 9LD), Distance : 329 ft
Batting: RHB Chris Carter 0-0: Ball
1-0: Called Strike
1-1: Called Strike
1-2: Strikes out looking
Batting: LHB Mike Moustakas 0-0: Ball
1-0: Ball
2-0: Called Strike
2-1: Ball
3-1: Swinging Strike
3-2: Base on Balls
Batting: RHB Russell Martin 0-0: Called Strike
0-1: Ball
1-1: Foul Ball, location: 2F
1-2: Foul Ball, location: 2F
1-2: Strikes out looking
Bottom of the 1st over - 2 runs, 2 hits, 0 errors, 1 left on base; Cincinnati 3 - San Diego 2
TOP OF THE 2ND
Cincinnati Reds batting - Pitching for San Diego Padres : RHP Tyler Mahle
Batting: SHB Yasmani Grandal 0-0: Swinging Strike
0-1: Ball
1-1: Called Strike
1-2: Strikes out swinging
Batting: RHB Adam Duvall 0-0: Ball
1-0: Called Strike
1-1: Ball
2-1: Ball
3-1: Foul Ball, location: 2F
3-2: Foul Ball, location: 2F
3-2: Base on Balls
Batting: LHB Daniel Norris 0-0: Bunt - Flyout to 13S! F1
Batting: LHB Jarrod Dyson 0-0: Ball
1-0: Called Strike
1-1: Ball
2-1: Foul Ball, location: 2F
2-2: Fly out, F9 (Flyball, 9)
Top of the 2nd over - 0 runs, 0 hits, 0 errors, 1 left on base; Cincinnati 3 - San Diego 2
BOTTOM OF THE 2ND
San Diego Padres batting - Pitching for Cincinnati Reds : LHP Daniel Norris
Batting: SHB Freddy Galvis 0-0: Ball
1-0: Called Strike
1-1: Foul Ball, location: 2F
1-2: DOUBLE (Line Drive, 8RXD)
Batting: RHB Juan Lagares 0-0: Called Strike
0-1: Ball
1-1: Called Strike
1-2: Strikes out looking
Batting: RHB Tyler Mahle 0-0: Ball
1-0: Ball
2-0: Called Strike
2-1: Foul Ball, location: 2F
2-2: Fly out, F8 (Line Drive, 8LM)
Batting: LHB David Peralta 0-0: Ball
1-0: Swinging Strike
1-1: Ball
2-1: Ball
3-1: Base on Balls
Batting: RHB Jose Altuve 0-0: Ball
1-0: Called Strike
1-1: Ball
2-1: Ball
3-1: Base on Balls
Freddy Galvis to third
David Peralta to second
Batting: RHB Mitch Haniger 0-0: Ball
1-0: Called Strike
1-1: Fly out, F9 (Flyball, 89S)
Bottom of the 2nd over - 0 runs, 1 hit, 0 errors, 3 left on base; Cincinnati 3 - San Diego 2
TOP OF THE 3RD
Cincinnati Reds batting - Pitching for San Diego Padres : RHP Tyler Mahle
Batting: RHB Trea Turner 0-0: Bunt missed!
0-1: SINGLE (Flyball, 7LS)
Batting: LHB Robinson Cano 0-0: Ball
Trea Turner steals 2nd base
1-0: Called Strike
1-1: 2-RUN HOME RUN (Line Drive, 9LD), Distance : 337 ft
Batting: RHB Edwin Encarnacion 0-0: Ball
1-0: Ball
2-0: Swinging Strike
2-1: Called Strike
2-2: Reached on error, E5 (Groundball, 56S)
Batting: LHB Joey Gallo 0-0: Called Strike
0-1: Ball
1-1: Foul Ball, location: 2F
1-2: Ball
2-2: Ball
3-2: Foul Ball, location: 2F
3-2: Fly out, F8 (Flyball, 8RM)
Batting: LHB Scooter Gennett 0-0: Called Strike
0-1: Ball
Passed Ball!
Edwin Encarnacion to third
1-1: Ball
2-1: Called Strike
2-2: Ball
3-2: 2-RUN HOME RUN (Line Drive, 7LD), Distance : 347 ft
Batting: SHB Yasmani Grandal 0-0: Ball
1-0: Ball
2-0: Ball
3-0: Called Strike
3-1: Called Strike
3-2: Strikes out swinging
Batting: RHB Adam Duvall 0-0: Ball
1-0: Fly out, F7 (Flyball, 78S)
Top of the 3rd over - 4 runs, 3 hits, 1 error, 0 left on base; Cincinnati 7 - San Diego 2
BOTTOM OF THE 3RD
San Diego Padres batting - Pitching for Cincinnati Reds : LHP Daniel Norris
Batting: RHB Chris Carter 0-0: Called Strike
0-1: Ball
1-1: Called Strike
1-2: Foul Ball, location: 2F
1-2: Foul Ball, location: 2F
1-2: Ball
2-2: Ground out 5-3 (Groundball, 56)
Batting: LHB Mike Moustakas 0-0: Swinging Strike
0-1: Ball
1-1: Foul Ball, location: 2F
1-2: Strikes out swinging
Batting: RHB Russell Martin 0-0: Called Strike
0-1: Ball
1-1: Foul Ball, location: 2F
1-2: Ground out 4-3 (Groundball, 4MD)
Bottom of the 3rd over - 0 runs, 0 hits, 0 errors, 0 left on base; Cincinnati 7 - San Diego 2
TOP OF THE 4TH
Cincinnati Reds batting - Pitching for San Diego Padres : RHP Tyler Mahle
Batting: LHB Daniel Norris 0-0: Ball
1-0: Called Strike
1-1: Called Strike
1-2: Ball
2-2: Ball
3-2: Base on Balls
Batting: LHB Jarrod Dyson 0-0: Ball
1-0: Foul Ball, location: 2F
1-1: Swinging Strike
1-2: Ball
2-2: Fielders Choice at 2nd, 2-6 (Groundball, 13S)
Batting: RHB Trea Turner 0-0: Called Strike
0-1: Ball
1-1: Called Strike
1-2: Ball
2-2: SINGLE (Groundball, 34D)
Jarrod Dyson to second
Runner from 2nd tries for 3rd, SAFE, throw by RF made to third
Batting: LHB Robinson Cano 0-0: Ball
1-0: Called Strike
1-1: Fielders Choice at 2nd, 3-6 (Groundball, 3)
Jarrod Dyson scores
Batting: RHB Edwin Encarnacion 0-0: Fielders Choice at 2nd, 5-4 (Groundball, 56)
Top of the 4th over - 1 run, 1 hit, 0 errors, 1 left on base; Cincinnati 8 - San Diego 2
BOTTOM OF THE 4TH
San Diego Padres batting - Pitching for Cincinnati Reds : LHP Daniel Norris
Batting: SHB Freddy Galvis 0-0: Foul Ball, location: 2F
0-1: Foul Ball, location: 2F
0-2: Ball
1-2: Ball
2-2: DOUBLE (Line Drive, 7LM)
Batting: RHB Juan Lagares 0-0: Ground out 4-3 (Groundball, 4)
Freddy Galvis to third
Batting: RHB Tyler Mahle 0-0: Ground out 6-3 (Groundball, 6MS)
Freddy Galvis scores
Batting: LHB David Peralta 0-0: Ball
1-0: Foul Ball, location: 2F
1-1: Called Strike
1-2: Fly out, F8 (Flyball, 8RXD)
Bottom of the 4th over - 1 run, 1 hit, 0 errors, 0 left on base; Cincinnati 8 - San Diego 3
TOP OF THE 5TH
Cincinnati Reds batting - Pitching for San Diego Padres : RHP Tyler Mahle
Batting: LHB Joey Gallo 0-0: Called Strike
0-1: Called Strike
0-2: Strikes out swinging
Batting: LHB Scooter Gennett 0-0: Ball
1-0: Foul Ball, location: 2F
1-1: Foul Ball, location: 2F
1-2: Ground out U3 (Groundball, 34)
Batting: SHB Yasmani Grandal 0-0: Called Strike
0-1: Called Strike
0-2: Foul Ball, location: 2F
0-2: Ball
1-2: Foul Ball, location: 2F
1-2: Ball
2-2: SINGLE (Flyball, 7S)
Batting: RHB Adam Duvall 0-0: Foul Ball, location: 2F
0-1: Swinging Strike
0-2: Ball
1-2: Ball
2-2: Strikes out swinging
Top of the 5th over - 0 runs, 1 hit, 0 errors, 1 left on base; Cincinnati 8 - San Diego 3
BOTTOM OF THE 5TH
San Diego Padres batting - Pitching for Cincinnati Reds : LHP Daniel Norris
Batting: RHB Jose Altuve 0-0: Called Strike
0-1: Called Strike
0-2: Foul Ball, location: 2F
0-2: Ball
1-2: Reached on error, E6 (Groundball, 6)
Batting: RHB Mitch Haniger 0-0: Ball
1-0: Called Strike
1-1: Ball
2-1: Fielders Choice at 2nd, 4-6 (Groundball, 34)
Batting: RHB Chris Carter 0-0: Ball
1-0: Foul Ball, location: 2F
1-1: Ball
2-1: Ball
3-1: Base on Balls
Mitch Haniger to second
Pitching: RHP Edgar Santana
Now in LF: Colby Rasmus
Batting: LHB Mike Moustakas 0-0: Called Strike
0-1: Ball
1-1: Grounds into double play, 4-6-3 (Groundball, 4D)
Bottom of the 5th over - 0 runs, 0 hits, 1 error, 1 left on base; Cincinnati 8 - San Diego 3
TOP OF THE 6TH
Cincinnati Reds batting - Pitching for San Diego Padres : RHP Tyler Mahle
Pitching: RHP Chase Whitley
Batting: LHB Colby Rasmus 0-0: Ball
1-0: Ball
2-0: Ball
3-0: Base on Balls
Batting: LHB Jarrod Dyson 0-0: Ball
1-0: Ball
2-0: Ball
3-0: Base on Balls
Colby Rasmus to second
Batting: RHB Trea Turner 0-0: SINGLE (Groundball, 4MD)
Colby Rasmus to third
Jarrod Dyson to second
Runner from 3rd tries for Home, SAFE, no throw by CF
Batting: LHB Robinson Cano 0-0: Called Strike
0-1: Called Strike
0-2: 3-RUN HOME RUN (Flyball, 7D), Distance : 374 ft
Pitching: RHP Hunter Strickland
Pinch Hitting: RHB Allen Cordoba 0-0: Ball
1-0: Called Strike
1-1: Fly out, F9 (Flyball, 89S)
Batting: LHB Joey Gallo 0-0: Ball
1-0: DOUBLE (Groundball, 3L)
Batting: LHB Scooter Gennett 0-0: Called Strike
Joey Gallo is caught stealing 3rd base 2-5
0-1: Ball
1-1: Called Strike
1-2: Ball
2-2: Strikes out swinging
Top of the 6th over - 4 runs, 3 hits, 0 errors, 0 left on base; Cincinnati 12 - San Diego 3
BOTTOM OF THE 6TH
San Diego Padres batting - Pitching for Cincinnati Reds : RHP Edgar Santana
Now at 3B: Allen Cordoba
Batting: RHB Russell Martin 0-0: Called Strike
0-1: Ground out 4-3 (Groundball, 4S)
Batting: SHB Freddy Galvis 0-0: Ground out U3 (Groundball, 3)
Batting: RHB Juan Lagares 0-0: Called Strike
0-1: Foul Ball, location: 2F
0-2: Ball
1-2: Ground out 5-3 (Groundball, 56S)
Bottom of the 6th over - 0 runs, 0 hits, 0 errors, 0 left on base; Cincinnati 12 - San Diego 3
TOP OF THE 7TH
Cincinnati Reds batting - Pitching for San Diego Padres : RHP Hunter Strickland
Batting: SHB Yasmani Grandal 0-0: Called Strike
0-1: Foul Ball, location: 2F
0-2: Foul Ball, location: 2F
0-2: Ball
1-2: Strikes out swinging
Batting: RHB Edgar Santana 0-0: Ground out 6-3 (Groundball, 56D)
Batting: LHB Colby Rasmus 0-0: SINGLE (Line Drive, 4MD)
Batting: LHB Jarrod Dyson 0-0: Ball
1-0: Ball
2-0: Swinging Strike
Pickoff Throw to First - Error! E1
Colby Rasmus to second
2-1: Ball
3-1: Foul Ball, location: 2F
3-2: Foul Ball, location: 2F
3-2: Fly out, F5 (Popup, 56S)
Top of the 7th over - 0 runs, 1 hit, 1 error, 1 left on base; Cincinnati 12 - San Diego 3
BOTTOM OF THE 7TH
San Diego Padres batting - Pitching for Cincinnati Reds : RHP Edgar Santana
Pinch Hitting: RHB Christian Arroyo 0-0: Called Strike
0-1: Ball
1-1: Ball
2-1: Foul Ball, location: 2F
2-2: Foul Ball, location: 2F
2-2: Strikes out looking
Batting: LHB David Peralta 0-0: Ball
1-0: Ground out 1-3 (Groundball, 15)
Batting: RHB Jose Altuve 0-0: Called Strike
0-1: Foul Ball, location: 2F
0-2: Ground out 1-3 (Groundball, 13)
Bottom of the 7th over - 0 runs, 0 hits, 0 errors, 0 left on base; Cincinnati 12 - San Diego 3
TOP OF THE 8TH
Cincinnati Reds batting - Pitching for San Diego Padres : RHP Hunter Strickland
Pitching: RHP Wander Suero
Batting: RHB Trea Turner 0-0: Called Strike
0-1: Fly out, F9 (Flyball, 9LDF)
Batting: LHB Robinson Cano 0-0: Ball
1-0: Foul Ball, location: 2F
1-1: Foul Ball, location: 2F
1-2: Foul Ball, location: 2F
1-2: Ground out 1-3 (Groundball, 34S)
Batting: RHB Allen Cordoba 0-0: Ball
1-0: Ball
2-0: Foul Ball, location: 2F
2-1: Ball
3-1: Swinging Strike
3-2: Base on Balls
Batting: LHB Joey Gallo 0-0: Called Strike
0-1: Foul Ball, location: 2F
0-2: Ball
1-2: Foul Ball, location: 2F
1-2: Foul Ball, location: 2F
1-2: 2-RUN HOME RUN (Flyball, 9D), Distance : 435 ft
Batting: LHB Scooter Gennett 0-0: Ground out 5-3 (Groundball, 5L)
Top of the 8th over - 2 runs, 1 hit, 0 errors, 0 left on base; Cincinnati 14 - San Diego 3
BOTTOM OF THE 8TH
San Diego Padres batting - Pitching for Cincinnati Reds : RHP Edgar Santana
Now at 1B: Luis Jimenez
Batting: RHB Mitch Haniger 0-0: Foul Ball, location: 2F
0-1: Called Strike
0-2: Strikes out looking
Batting: RHB Chris Carter 0-0: Ball
1-0: Foul Ball, location: 2F
1-1: Called Strike
1-2: Ball
2-2: Strikes out looking
Batting: LHB Mike Moustakas 0-0: Ball
1-0: Called Strike
1-1: Foul Ball, location: 2F
1-2: Foul Ball, location: 2F
1-2: Ground out U3 (Groundball, 3)
Bottom of the 8th over - 0 runs, 0 hits, 0 errors, 0 left on base; Cincinnati 14 - San Diego 3
TOP OF THE 9TH
Cincinnati Reds batting - Pitching for San Diego Padres : RHP Wander Suero
Pitching: RHP Curt Casali
Batting: SHB Yasmani Grandal 0-0: Called Strike
0-1: Ball
1-1: Called Strike
1-2: DOUBLE (Flyball, 8RXD)
Pinch Hitting: LHB Adrian Gonzalez 0-0: Called Strike
0-1: Ball
1-1: Foul Ball, location: 2F
1-2: Ball
2-2: Ball
3-2: Base on Balls
Batting: LHB Colby Rasmus 0-0: Ball
1-0: DOUBLE (Line Drive, 5D)
Yasmani Grandal scores
Adrian Gonzalez to third
Runner from 3rd tries for Home, SAFE, no throw by LF
Batting: LHB Jarrod Dyson 0-0: Called Strike
0-1: Ball
1-1: Swinging Strike
1-2: Foul Ball, location: 2F
1-2: Foul Ball, location: 2F
1-2: Ball
2-2: Ball
3-2: Ground out 6-3 (Groundball, 56)
Batting: RHB Trea Turner 0-0: SINGLE (Flyball, 8LS)
Colby Rasmus to third
Runner from 3rd tries for Home, SAFE, throw by CF to home
Batting: LHB Robinson Cano 0-0: Ball
Trea Turner steals 2nd base
1-0: Ball
2-0: Ball
3-0: Base on Balls
Batting: RHB Allen Cordoba 0-0: Called Strike
0-1: Foul Ball, location: 2F
0-2: Ball
1-2: Strikes out looking
Batting: RHB Luis Jimenez 0-0: Ball
1-0: Ball
2-0: Ball
3-0: Called Strike
3-1: 3-RUN HOME RUN (Flyball, 7D), Distance : 383 ft
Pitching: LHP Reymond Fuentes
Batting: LHB Scooter Gennett 0-0: DOUBLE (Groundball, 3L)
Batting: SHB Yasmani Grandal 0-0: Called Strike
0-1: Swinging Strike
0-2: Ball
1-2: Ball
2-2: Ball
3-2: Base on Balls
Batting: LHB Adrian Gonzalez 0-0: Called Strike
0-1: Swinging Strike
0-2: Ball
1-2: Foul Ball, location: 2F
1-2: Strikes out swinging
Top of the 9th over - 6 runs, 5 hits, 0 errors, 2 left on base; Cincinnati 20 - San Diego 3
BOTTOM OF THE 9TH
San Diego Padres batting - Pitching for Cincinnati Reds : RHP Edgar Santana
Pitching: RHP Raisel Iglesias
Batting: RHB Russell Martin 0-0: Ball
1-0: Foul Ball, location: 2F
1-1: Foul Ball, location: 2F
1-2: Ball
2-2: Ball
3-2: SINGLE (Groundball, 34D)
Batting: SHB Freddy Galvis 0-0: Grounds into double play, 4-6-3 (Groundball, 4)
Batting: RHB Juan Lagares 0-0: Ball
1-0: Fly out, F4 (Line Drive, 4)
Bottom of the 9th over - 0 runs, 1 hit, 0 errors, 0 left on base; Cincinnati 20 - San Diego 3
Tuesday, August 7th, 2018 - OOTP Baseball 19.7 Build 59